 Dungeon Crawl Stone Soup version 0.19.5 (webtiles) character file.

90 galech the Skirmisher (level 4, -2/73 HPs)
             Began as an Ogre Fighter on Mar 7, 2017.
             Slain by a scorpion (10 damage)
             ... on level 3 of the Dungeon.
             The game lasted 00:03:52 (2161 turns).

galech the Skirmisher (Ogre Fighter)                Turns: 2161, Time: 00:03:53

Health: -2/73      AC:  3    Str: 27    XL:     4   Next: 56%
Magic:  4/4        EV:  8    Int:  7    God:
Gold:   131        SH:  9    Dex:  9    Spells: 0 memorised, 3 levels left

rFire  . . .     SeeInvis .     a - +0 flail
rCold  . . .     Gourm    .     b - +0 robe
rNeg   . . .     Faith    .     c - +0 shield
rPois  .         Spirit   .     (helmet restricted)
rElec  .         Reflect  .     (no cloak)
rCorr  .         Harm     .     (gloves unavailable)
MR     .....                    (boots unavailable)
Stlth  ..........               (no amulet)
                                (no ring)
                                (no ring)

@: berserking, lethally poisoned (-2 -> -10), very quick
A: unfitting armour, tough skin 1
a: no special abilities


You were on level 3 of the Dungeon.
You were not hungry.

You visited 1 branch of the dungeon, and saw 3 of its levels.

You collected 131 gold pieces.

Inventory:

Hand Weapons
 a - a +0 flail (weapon)
Armour
 b - a +0 robe (worn)
 c - a +0 shield (worn)
Scrolls
 h - a scroll of immolation {unknown}
 i - 3 scrolls of random uselessness {unknown}
 k - a scroll of identify {unknown}
 m - a scroll of enchant weapon {unknown}
Potions
 d - a potion of might
 l - 3 potions of flight {unknown}
 n - a potion of magic {unknown}
Comestibles
 f - 2 bread rations
 g - 7 chunks of flesh
 j - 2 meat rations


   Skills:
 + Level 4.9 Fighting
 + Level 4.1 Maces & Flails
 + Level 3.3 Dodging
 + Level 3.0 Shields


You had 3 spell levels left.
You didn't know any spells.

Dungeon Overview and Level Annotations

Branches:
Dungeon (3/15)

Altars:
Qazlal
Sif Muna
Uskayaw


Innate Abilities, Weirdness & Mutations

You are too large for most types of armour.
You have tough skin. (AC +1)


Message History

You are too injured to fight recklessly!
You are too injured to fight recklessly!
You are too injured to fight recklessly!
You are too injured to fight recklessly!
It was a potion of berserk rage.
A red film seems to cover your vision as you go berserk!
You feel yourself moving faster!
You feel mighty!
You feel sick. The scorpion closely misses you.
You closely miss the scorpion.
The scorpion is severely wounded.
You feel sick.
You closely miss the scorpion.
The scorpion is severely wounded.
You feel sick. The scorpion stings you!
* * * LOW HITPOINT WARNING * * *
You barely miss the scorpion.
The scorpion is severely wounded.
* * * LOW HITPOINT WARNING * * *
You feel sick. The scorpion stings you!
You die...

#...# .# #...##.. .
#...... ... ......
.... ###.#.##.....
#....... ....
###.####.#.#.##.....
.....$s@............
.##.####.###..#..#.
######...).....#
.##......###........
.........# #.#...#..
##......# #.#......
#.....## #........
.##.....#######..###
...................


You could see a scorpion.

Vanquished Creatures
  An adder (D:3)
  5 worms (D:2)
  3 dart slugs
  A leopard gecko (D:3)
  An orc (D:3)
  3 giant cockroaches
  2 goblins (D:2)
  2 hobgoblins (D:2)
  8 jackals
  10 kobolds
  3 quokkas
  9 bats
  3 frilled lizards (D:2)
  8 rats
59 creatures vanquished.

Notes
Turn   | Place    | Note
-------+----------+-------------------------------------------
     0 | D:1      | galech the Ogre Fighter began the quest for the Orb.
     0 | D:1      | Reached XP level 1. HP: 24/24 MP: 1/1
    57 | D:1      | Reached XP level 2. HP: 30/32 MP: 2/2
   624 | D:2      | Reached XP level 3. HP: 24/40 MP: 3/3
  1007 | D:2      | Noticed a dagger
  1008 | D:2      | Noticed a dagger
  1009 | D:2      | Found a hide-covered altar of Uskayaw.
  1340 | D:2      | Found a stormy altar of Qazlal.
  1386 | D:2      | Reached XP level 4. HP: 20/49 MP: 4/4
  1972 | D:2      | Found a deep blue altar of Sif Muna.
  2161 | D:3      | Slain by a scorpion

Skill      XL: |  1  2  3  4 |
---------------+-------------+-----
Dodging        | 3 |  3.3
Maces & Flails | 3 4 |  4.1
Shields        | 3 |  3.0
Fighting       | |  4.9

Action                   |  1- 3 |  4- 6 || total
-------------------------+-------+-------++-------
Melee: Flail             |   147 |    58 ||   205
  Use: Potion            |       |     1 ||     1
  Eat: Chunk             |     2 |     2 ||     4
Armor: Robe              |    55 |    11 ||    66
Dodge: Dodged            |    44 |    14 ||    58
Block: Shield            |    72 |    22 ||    94
